 Dungeon Crawl Stone Soup version 0.25-a0-781-gc44aebf4fe (webtiles) character file.

Game seed: 16734101073944316852, levelgen mode: deterministic

365584 Zajic the Shatterer (level 21, -10/301 HPs)
             Began as a Minotaur Berserker on Apr 14, 2020.
             Was a High Priest of Trog.
             Mangled by a mummy priest (11 damage)
             ... on level 1 of the Tomb of the Ancients on Apr 16, 2020.
             The game lasted 09:05:12 (58004 turns).

Zajic the Shatterer (Minotaur Berserker)           Turns: 58004, Time: 09:05:13

Health: -10/301    AC: 30    Str: 29      XL:     21   Next: 58%
Magic:  21/21      EV:  2    Int:  1 (4)  God:    Trog [*****.]
Gold:   3037       SH: 24    Dex: 15      Spells: 20/20 levels left

rFire    + + .     SeeInvis +   a - +8 morningstar of Disarray {vorpal, *Rage rPois rN+ SInv}
rCold    . . .     Gourm    .   R - +5 kite shield {reflect}
rNeg     + + +     Faith    .   (armour currently unavailable)
rPois    +         Spirit   .   (helmet currently unavailable)
rElec    .         Reflect  +   (cloak currently unavailable)
rCorr    .         Harm     .   (gloves currently unavailable)
MR       +++++     Rnd*Rage +   (boots currently unavailable) Stlth ++........NoTele +
                                S - +3 amulet of reflection
HPRegen  0.00/turn              y - ring "Gaud Eqi" {rF++ rN+ MR++ EV-2}
MPRegen  0.17/turn              C - ring of Wucuiluv {MR++ Dex+4 SInv Stlth+}

@: lethally poisoned (-10 -> -12), tree-form, berserk cooldown, starving,
slowed, very slow
A: (retaliatory headbutt), berserk 1, clumsy 1, inhibited regeneration
}: 2/15 runes: barnacled, gossamer
a: Berserk, Trog's Hand, Brothers in Arms, Renounce Religion


You were on level 1 of the Tomb of the Ancients.
You worshipped Trog.
Trog was extremely pleased with you.
You were starving.
You were a tree.
You visited 9 branches of the dungeon, and saw 39 of its levels.
You also visited: Gauntlet.

You collected 9096 gold pieces.
You spent 6059 gold pieces at shops.

Inventory:

Hand Weapons
 a - the +8 morningstar of Disarray (weapon) {vorpal, *Rage rPois rN+ SInv}
   (You found it on level 13 of the Dungeon)

   It inflicts extra damage upon your enemies.
   It protects you from poison.
   It protects you from negative energy.
   It lets you see invisible.
   It may make you go berserk in combat.
Missiles
 w - 8 curare-tipped darts
 F - 24 javelins
 K - 7 silver javelins (quivered)
Armour
 b - the +0 plate armour of Compassion {+Inv rElec rC++}
   (You found it on level 1 of the Crypt)

   It greatly protects you from cold.
   It insulates you from electricity.
   It lets you turn invisible.
 q - the +0 pair of gloves of the Bulwark (melded) {MR+}
   (You found it on level 6 of the Lair of Beasts)

   It affects your resistance to hostile enchantments.
 t - a +2 hat (melded)
 G - the +9 scales of the Dragon King (melded) {rPois rF+ rC+ MR+}
   (You bought it in a shop on level 2 of the Orcish Mines)

   It protects you from fire.
   It protects you from cold.
   It protects you from poison.
   It affects your resistance to hostile enchantments.
 H - the +1 pair of boots "Tenec" (melded) {Int+4}
   (You found it on level 10 of the Dungeon)

   It affects your intelligence (+4).
 P - a +2 cloak (melded)
 R - a +5 kite shield of reflection (worn)
Jewellery
 v - the ring "Imil" {rElec rF+ rC+ Int-4 Slay+3}
   (You found it on level 6 of the Lair of Beasts)

   [ring of protection from cold]

   It affects your intelligence (-4).
   It affects your accuracy and damage with ranged weapons and melee attacks
   (+3).
   It protects you from fire.
   It protects you from cold.
   It insulates you from electricity.
 y - the ring "Gaud Eqi" (left branch) {rF++ rN+ MR++ EV-2}
   (You found it on level 1 of the Vaults)

   [ring of evasion]

   It affects your evasion (-2).
   It greatly protects you from fire.
   It protects you from negative energy.
   It affects your resistance to hostile enchantments.
 C - the ring of Wucuiluv (right branch) {MR++ Dex+4 SInv Stlth+}
   (You found it on level 1 of the Shoals)

   [ring of stealth]

   It affects your dexterity (+4).
   It affects your resistance to hostile enchantments.
   It lets you see invisible.
   It makes you more stealthy.
 S - a +3 amulet of reflection (around neck)
Wands
 f - a wand of paralysis (28)
 m - a wand of flame (83)
 D - a wand of disintegration (11)
 Q - a wand of enslavement (9)
 X - a wand of digging (28)
Scrolls
 h - 2 scrolls of summoning
 i - 5 scrolls of magic mapping
 j - 3 scrolls of immolation
 k - 9 scrolls of enchant weapon
 p - 17 scrolls of teleportation
 u - 2 scrolls of vulnerability
 z - 6 scrolls of fear
 B - 5 scrolls of enchant armour
 I - 16 scrolls of remove curse
 N - 6 scrolls of identify
 O - 3 scrolls of silence
 T - 2 scrolls of torment
 U - 4 scrolls of acquirement
Potions
 d - 2 potions of haste
 g - a potion of magic
 l - 8 potions of brilliance
 o - 10 potions of flight
 r - 2 potions of might
 x - 15 potions of curing
 A - 10 potions of ambrosia
 E - 5 potions of stabbing
 J - 7 potions of lignification
 L - 3 potions of resistance
 M - 8 potions of cancellation
 V - 9 potions of invisibility
 Y - 6 potions of mutation
Miscellaneous
 e - 3 tins of tremorstones
 n - a phantom mirror
 s - a phial of floods
Comestibles
 c - 38 rations


   Skills:
 - Level 20.0 Fighting
 * Level 25.0 Maces & Flails
 - Level 6.0 Throwing
 + Level 21.8 Armour
 - Level 2.4 Dodging
 + Level 17.4 Shields
 + Level 2.4 Evocations


You had 20 spell levels left.
You didn't know any spells.
Your spell library contained the following spells:

 Spells                   Type           Power        Failure   Level  Hunger
 Animate Skeleton         Necr           N/A          56%         1    ##.....
 Apportation              Tloc           #.....       56%         1    ##.....
 Corona                   Hex            #......      56%         1    ##.....
 Freeze                   Ice            #...         56%         1    ##.....
 Magic Dart               Conj           #...         56%         1    ##.....
 Sandblast                Erth           #.....       56%         1    ##.....
 Shock                    Conj/Air       #...         56%         1    ##.....
 Sting                    Tmut/Pois      #...         56%         1    ##.....
 Summon Butterflies       Summ           #.......     56%         1    ##.....
 Summon Small Mammal      Summ           #...         56%         1    ##.....
 Blink                    Tloc           N/A          71%         2    ###....
 Call Imp                 Summ           #.......     71%         2    ###....
 Corpse Rot               Necr/Air       N/A          71%         2    ###....
 Ensorcelled Hibernation  Hex/Ice        #.....       71%         2    ###....
 Passwall                 Tmut/Erth      #.......     71%         2    ###....
 Poisonous Vapours        Pois/Air       #.....       71%         2    ###....
 Searing Ray              Conj           #.....       71%         2    ###....
 Slow                     Hex            #.......     71%         2    ###....
 Swiftness                Chrm/Air       #.......     71%         2    ###....
 Call Canine Familiar     Summ           #.......     91%         3    ####...
 Confusing Touch          Hex            #.......     91%         3    ####...
 Conjure Flame            Conj/Fire      #.......     91%         3    ####...
 Dazzling Flash           Conj/Hex       #.....       91%         3    ####...
 Frozen Ramparts          Ice            #.....       91%         3    ####...
 Ignite Poison            Fire/Tmut/Pois #.......     91%         3    ####...
 Inner Flame              Hex/Fire       #.......     91%         3    ####...
 Mephitic Cloud           Conj/Pois/Air  #.......     91%         3    ####...
 Ozocubu's Armour         Chrm/Ice       #.......     91%         3    ####...
 Portal Projectile        Hex/Tloc       #.....       91%         3    ####...
 Stone Arrow              Conj/Erth      #.....       91%         3    ####...
 Tukima's Dance           Hex            #.......     91%         3    ####...
 Cause Fear               Hex            #.........   100%        4    #####..
 Hailstorm                Conj/Ice       #.......     100%        4    #####..
 Leda's Liquefaction      Hex/Erth       #.........   100%        4    #####..
 Olgreb's Toxic Radiance  Pois           #.......     100%        4    #####..
 Passage of Golubria      Tloc           N/A          100%        4    #####..
 Petrify                  Tmut/Erth      #.......     100%        4    #####..
 Summon Ice Beast         Ice/Summ       #.......     100%        4    #####..
 Blade Hands              Tmut           #.........   100%        5    ######.
 Fireball                 Conj/Fire      #.........   100%        5    ######.
 Lee's Rapid Deconstruct  Erth           #.........   100%        5    ######.
 Summon Forest            Summ/Tloc      #.........   100%        5    ######.
 Summon Mana Viper        Hex/Summ       #.......     100%        5    ######.
 Conjure Ball Lightning   Conj/Air       #.........   100%        6    #######
 Darkness                 Hex            #.........   100%        6    #######
 Eringya's Noxious Bog    Tmut/Pois      #.........   100%        6    #######
 Freezing Cloud           Conj/Ice/Air   #.........   100%        6    #######
 Hydra Form               Tmut           #.........   100%        6    #######
 Invisibility             Hex            #.......     100%        6    #######
 Dragon Form              Tmut           #.........   100%        7    #######
 Ring of Flames           Chrm/Fire      #.........   100%        7    #######
 Summon Hydra             Summ           #.........   100%        7    #######


Dungeon Overview and Level Annotations

Branches:
Dungeon (15/15)            Temple (0/1) D:7            Lair (6/6) D:9
 Shoals (4/4) Lair:2       Spider (4/4) Lair:2        Slime (1/5) Lair:6
    Orc (2/2) D:10            Elf (0/3) Orc:2        Vaults (3/5) D:13
  Crypt (3/3) Vaults:3       Tomb (1/3) Crypt:3      Depths (0/5) D:15
Gauntlet (visited)

Altars:
Elyvilon
Fedhas
Gozag
Nemelex Xobeh
Ru
Sif Muna
Trog
Yredelemnul
Beogh

Shops:
D:5 %   D:6 *   D:9 ?   D:11 %[[   D:13 [[[%*   Orc:1 (   Orc:2 *[:(*
Shoals:2 [

Annotations:
D:14 Roxanne
Lair:3 exclusion: oklob plant
Shoals:3 3 runed translucent doors, exclusion: obsidian statue, fritzmikael's ghost, journeyman SpVM


Innate Abilities, Weirdness & Mutations

((You reflexively headbutt those who attack you in melee.))
((You have a pair of horns on your head.))
You tend to lose your temper in combat.
You are clumsy. (Dex -2)
((Your flesh is cold resistant. (rC+)))
You do not regenerate when monsters are visible.


Message History

The +9 scales of the Dragon King {rPois rF+ rC+ MR+} melds into your body.
Your roots penetrate the ground.
Your skin stops crawling.
You feel less resistant to hostile enchantments.
* * * LOW HITPOINT WARNING * * *
You feel sick.
You block the phantasmal warrior's attack.
You block the hungry ghost's attack.
The red devil hits you but does no damage.
You block the phantasmal warrior's attack.
The hungry ghost hits you.
You feel somewhat more hungry.
You bludgeon the hungry ghost!!
You destroy the hungry ghost!
You block the red devil's attack.
You block the phantasmal warrior's attack.
You puncture the mummy priest!
The mummy priest is lightly damaged.
You block the phantasmal warrior's attack.
You block the red devil's attack. The mummy priest hits you!
You die...

.......... ...(...# ##'''''##
#.?.....# #.8..M8.# #.......#
#...)4..# #.8WM.8.# #..♣....#
#.......# #.8...8.# #.......#
#......)# #.8...8.#
##############.......########
..............................
...............8...8...........


You could see a mummy priest, a phantasmal warrior, a red devil and a mummy.

Vanquished Creatures
  2 greater mummies
  2 bone dragons
  Rupert (D:15)
  2 liches (Crypt:3)
  Frances (D:14)
  An acid blob (Slime:1)
  7 sphinxes
  A kraken (Shoals:3)
  4 ancient champions
  Agnes (Spider:4)
  3 revenants
  A storm dragon (D:12)
  The ghost of Docy the Tortoise, a journeyman MiBe of Trog (Lair:5)
  A fire giant (Vaults:1)
  6 emperor scorpions (Spider:4)
  An orc warlord (Orc:2)
  A fire giant (shapeshifter) (Vaults:1)
  4 vault wardens
  2 curse skulls
  3 ghost moths (Spider:4)
  11 ghouls
  4 ironheart preservers
  A war gargoyle (Crypt:3)
  4 stone giants
  3 vampire knights
  Azrael (D:15)
  A deep elf demonologist (Vaults:1)
  A dire elephant (D:15)
  A minotaur (Gauntlet)
  3 merfolk javelineers
  A death ooze (Slime:1)
  5 eidola
  A deep elf death mage (Crypt:1)
  2 mummy priests (Tomb:1)
  The ghost of Hastur the Destroyer, a journeyman DrIE of Gozag (Lair:2)
  2 quicksilver dragon zombies (Crypt:1)
  2 fire dragons
  3 jiangshi (Crypt:2)
  A yaktaur captain (Vaults:1)
  7 merfolk impalers
  A great orb of eyes (Vaults:1)
  Harold (D:11)
  9 hydras
  2 rakshasas
  3 ice dragons
  6 vault guards (Vaults:1)
  8 centaur warriors
  5 death knights
  2 alligator snapping turtles (Shoals:4)
  11 two-headed ogres
  3 merfolk aquamancers
  3 merfolk avatars
  3 catoblepae (Lair:6)
  A satyr (Shoals:2)
  6 death scarabs
  A tengu warrior (D:15)
  A vampire mage (Crypt:2)
  4 ogre magi
  Urug (Lair:3)
  6 death yaks (Lair:6)
  3 orc high priests
  2 deep elf knights
  2 shadow wraiths
  Nergalle (D:10)
  A wretched star (Gauntlet)
  A spectral death yak (Gauntlet)
  A titan skeleton (Crypt:3)
  30 skeletal warriors
  4 wizards
  An unseen horror (shapeshifter) (Vaults:2)
  11 sea snakes
  5 unseen horrors
  A glowing orange brain (Vaults:3)
  A lindwurm (D:13)
  2 deep elf archers (Vaults:1)
  2 wolf spider zombies (Crypt:1)
  A spectral hydra (Lair:5)
  An obsidian statue (Crypt:1)
  3 necromancers
  Pikel (D:9)
  6 phantasmal warriors
  8 ironbrand convokers
  A harpy (shapeshifter) (Vaults:1)
  A golden dragon skeleton (Crypt:3)
  16 harpies
  13 orc knights
  18 fauns
  2 iron dragon zombies (Crypt:1)
  13 orb spiders
  2 deep elf magi (Vaults:1)
  4 moths of wrath
  12 ugly things
  6 cyclopes
  3 oklob plants
  A shadow dragon skeleton (Crypt:1)
  19 manticores
  27 wolf spiders
  9 fire giant skeletons (Crypt:3)
  2 iron dragon skeletons
  4 orc sorcerers
  A dire elephant zombie (Crypt:2)
  13 merfolk sirens
  A rust devil (Gauntlet)
  Maurice (D:8)
  A stone giant skeleton (Crypt:3)
  4 black mambas
  6 elephants
  5 water nymphs
  A frost giant skeleton (Crypt:3)
  7 gargoyles
  Psyche (D:8)
  2 dire elephant skeletons (Crypt:3)
  A minotaur zombie (Crypt:1)
  2 spiny frogs
  7 vault sentinels
  3 torpor snails
  4 yaktaurs (Vaults:1)
  A rime drake (shapeshifter) (Vaults:2)
  6 komodo dragons
  3 rime drakes
  A catoblepas zombie (Crypt:1)
  7 freezing wraiths
  4 centaur skeletons
  An efreet (D:11)
  13 demonic crawlers
  A black draconian skeleton (Crypt:2)
  6 guardian mummies
  A tengu conjurer (D:15)
  A troll (shapeshifter) (Vaults:2)
  A hydra zombie (Crypt:3)
  34 jumping spiders
  A sea snake skeleton (Crypt:2)
  29 merfolk
  A harpy skeleton (Crypt:3)
  A hornet (shapeshifter) (Vaults:2)
  9 wind drakes
  2 polar bears
  6 trolls
  15 blink frogs
  5 hornets
  3 bog bodies
  49 slime creatures
  Grinder (D:3)
  A hydra skeleton (Crypt:1)
  An ettin zombie (Crypt:1)
  15 dream sheep
  10 snapping turtles
  A fire giant simulacrum (Vaults:1)
  An alligator zombie (Crypt:1)
  13 hippogriffs
  A spectral black mamba (Lair:5)
  6 flying skulls (Crypt:1)
  2 meliai zombies (D:15)
  2 black mamba zombies
  7 fire dragon skeletons (Crypt:3)
  A ynoxinul (Gauntlet)
  9 shadows
  55 yaks
  An alligator skeleton (Crypt:1)
  An ettin skeleton (Crypt:3)
  41 redbacks
  A redback (shapeshifter) (Vaults:2)
  22 tarantellas
  3 ushabtiu (Tomb:1)
  14 water elementals
  14 wraiths
  3 wyverns
  A fire elemental (D:15)
  A black mamba skeleton (Crypt:1)
  A neqoxec (Gauntlet)
  4 basilisks
  3 golden eyes (Slime:1)
  A hungry ghost (Crypt:3)
  2 steam dragons
  2 spectral komodo dragons (Lair:5)
  A faun zombie (Crypt:1)
  3 soldier ants
  4 acid dragons
  A hydra simulacrum (Lair:5)
  5 hell hounds (D:15)
  A spiny frog zombie (Crypt:1)
  5 wargs
  13 water moccasins
  A monstrous demonspawn skeleton (Crypt:2)
  8 porcupines
  2 black bears (D:8)
  A faun skeleton (Crypt:2)
  34 orc warriors
  A lindwurm zombie (Crypt:2)
  3 sky beasts
  11 ice beasts
  4 phantoms
  2 eyes of draining (D:14)
  19 ogres
  6 necrophages
  A snapping turtle skeleton (Crypt:3)
  7 boggarts (Vaults:3)
  A boggart (shapeshifter) (D:15)
  15 centaurs
  10 crocodiles
  64 wolves
  3 big kobolds
  18 bullfrogs
  A draconian skeleton (Crypt:1)
  A rime drake skeleton (Crypt:1)
  A wyvern zombie (D:11)
  A small abomination (Gauntlet)
  2 wyvern skeletons (D:11)
  10 scorpions
  A spriggan zombie (Crypt:1)
  A water moccasin skeleton (Crypt:2)
  A warg skeleton (Crypt:2)
  12 wights
  A spriggan skeleton (Crypt:1)
  7 howler monkeys
  8 electric eels
  4 crimson imps
  2 bullfrog zombies
  2 centaur zombies
  2 quasits
  A wolf skeleton (Crypt:1)
  4 jellies
  11 hounds
  2 human skeletons (Crypt:1)
  15 orc priests
  19 orc wizards
  3 human zombies (Crypt:1)
  3 iron imps (Gauntlet)
  Jessica (D:2)
  A gnoll shaman (D:7)
  Natasha (thrice) (D:4)
  6 iguanas
  12 worker ants
  A spriggan simulacrum (Crypt:2)
  A demigod zombie (Crypt:2)
  2 hound zombies
  4 hound skeletons
  30 mummies
  4 worker ant zombies
  A howler monkey zombie (D:8)
  Robin (D:2)
  5 gnolls
  15 adders
  A shadow imp (D:11)
  An adder skeleton (D:9)
  6 worms
  9 leopard geckos
  77 orcs
  A ball python (D:3)
  4 giant cockroaches
  11 hobgoblins
  19 jackals
  4 quokkas
  8 bats
  8 frilled lizards
  A frilled lizard zombie (Crypt:1)
  20 goblins
  A goblin skeleton (Crypt:2)
  A jackal skeleton (D:4)
  A jackal zombie (Crypt:1)
  14 kobolds
  2 quokka skeletons
  8 rats
  3 tentacles (Shoals:3)
1566 creatures vanquished.

Vanquished Creatures (others)
  A satyr (Shoals:3)
  A centaur warrior (Vaults:2)
  An unseen horror (D:11)
  A faun (Shoals:2)
  3 cyclopes
  A water nymph (Shoals:4)
  A vault sentinel (Vaults:2)
  4 yaktaurs
  A redback (Spider:4)
  A boggart (Vaults:3)
  A bullfrog (D:12)
  5 fungi
  A plant (Lair:6)
  10 tentacles (Shoals:3)
32 creatures vanquished.

Grand Total: 1598 creatures vanquished

Notes
Turn   | Place    | Note
-------+----------+-------------------------------------------
     0 | D:1      | Zajic the Minotaur Berserker began the quest for the Orb.
     0 | D:1      | Reached XP level 1. HP: 19/19 MP: 0/0
    45 | D:1      | Reached XP level 2. HP: 27/27 MP: 1/1
   170 | D:1      | Reached skill level 4 in Maces & Flails
   379 | D:1      | Reached ** piety under Trog
   414 | D:1      | Reached XP level 3. HP: 30/33 MP: 2/2
   945 | D:2      | Found a blossoming altar of Fedhas.
   964 | D:2      | Reached skill level 5 in Maces & Flails
   988 | D:2      | Noticed Jessica
   994 | D:2      | Killed Jessica
   994 | D:2      | Reached XP level 4. HP: 21/40 MP: 3/3
  1084 | D:2      | Noticed Robin
  1128 | D:2      | Killed Robin
  1416 | D:2      | Reached *** piety under Trog
  1592 | D:2      | Reached XP level 5. HP: 46/46 MP: 4/4
  1898 | D:3      | Reached skill level 6 in Maces & Flails
  2305 | D:3      | Noticed Grinder
  2334 | D:3      | Killed Grinder
  2334 | D:3      | Reached skill level 7 in Maces & Flails
  2334 | D:3      | Reached skill level 1 in Throwing
  2334 | D:3      | Reached XP level 6. HP: 17/52 MP: 5/5
  2546 | D:3      | Reached skill level 5 in Armour
  2591 | D:3      | Found a glowing drain.
  2875 | D:4      | Noticed Natasha
  2881 | D:4      | Killed Natasha
  2951 | D:4      | Noticed Natasha
  2962 | D:4      | Killed Natasha
  2962 | D:4      | Reached XP level 7. HP: 59/59 MP: 6/6
  2967 | D:4      | Noticed Natasha
  2973 | D:4      | Reached **** piety under Trog
  2976 | D:4      | Killed Natasha
  2991 | D:4      | Reached skill level 8 in Maces & Flails
  3318 | D:5      | Entered Level 5 of the Dungeon
  3441 | D:5      | Reached skill level 9 in Maces & Flails
  3441 | D:5      | Reached XP level 8. HP: 66/66 MP: 7/7
  3445 | D:5      | Found Voussaig's Food Shop.
  4354 | D:6      | Found Mocippin's General Store.
  4359 | D:6      | Bought a scroll of remove curse for 42 gold pieces
  4359 | D:6      | Bought a +1 flail of protection for 156 gold pieces
  4481 | D:6      | Reached skill level 10 in Maces & Flails
  4861 | D:6      | Found a basalt altar of Yredelemnul.
  5268 | D:7      | Found a staircase to the Ecumenical Temple.
  5286 | D:7      | Reached ***** piety under Trog
  5286 | D:7      | Received a gift from Trog
  5286 | D:7      | Reached skill level 11 in Maces & Flails
  5286 | D:7      | Reached skill level 1 in Shields
  5286 | D:7      | Reached XP level 9. HP: 71/71 MP: 8/8
  5353 | D:7      | Found a sacrificial altar of Ru.
  6204 | D:8      | Noticed Maurice
  6216 | D:8      | Killed Maurice
  6355 | D:8      | Reached skill level 12 in Maces & Flails
  6389 | D:8      | Noticed Psyche
  6398 | D:8      | Killed Psyche
  6398 | D:8      | Reached skill level 10 in Armour
  6848 | D:9      | Found Oqekus's Magic Scroll Shop.
  6857 | D:9      | Bought a scroll of identify for 34 gold pieces
  6857 | D:9      | Bought a scroll of identify for 34 gold pieces
  6857 | D:9      | Bought a scroll of blinking for 127 gold pieces
  6857 | D:9      | Bought a scroll of enchant armour for 127 gold pieces
  6857 | D:9      | Bought a scroll of identify for 34 gold pieces
  6857 | D:9      | Bought a scroll of identify for 34 gold pieces
  6887 | D:9      | Found a staircase to the Lair.
  6896 | D:9      | Reached XP level 10. HP: 78/78 MP: 9/9
  6926 | D:9      | Noticed Pikel
  6944 | D:9      | Killed Pikel
  7082 | D:9      | Noticed a green ugly thing
  7092 | D:9      | Killed a green ugly thing
  7175 | D:9      | Reached skill level 13 in Maces & Flails
  7208 | D:9      | Received a gift from Trog
  7562 | D:10     | Entered Level 10 of the Dungeon
  7606 | D:10     | Found a bloodstained altar of Trog.
  7627 | D:10     | Reached skill level 5 in Throwing
  7639 | D:10     | Got a pair of encrusted boots
  7645 | D:10     | Identified the +1 pair of boots "Tenec" {Int+4} (You found
                  | it on level 10 of the Dungeon)
  8019 | D:10     | Found a staircase to the Orcish Mines.
  8126 | D:10     | Noticed Nergalle
  8152 | D:10     | Killed Nergalle
  8152 | D:10     | Reached skill level 5 in Shields
  8262 | D:10     | Killed an unseen horror
  8789 | D:10     | Reached XP level 11. HP: 84/84 MP: 10/10
  8905 | D:10     | Noticed a white ugly thing
  8918 | D:10     | Killed a white ugly thing
  8918 | D:10     | Reached skill level 14 in Maces & Flails
  9216 | D:11     | Noticed Harold
  9223 | D:11     | Killed an unseen horror
  9240 | D:11     | Killed Harold
  9306 | D:11     | Found Kuaretub's Armour Shop.
  9366 | D:11     | Received a gift from Trog
  9584 | D:11     | Found Yhed's Armour Shoppe.
  9651 | D:11     | Found Fachaof's Food Shop.
  9845 | D:11     | Reached skill level 15 in Maces & Flails
 10448 | D:12     | Noticed a centaur warrior
 10469 | D:12     | Killed a centaur warrior
 10479 | D:12     | Found a large runed translucent door.
 10485 | D:12     | Found a large runed translucent door.
 11114 | D:12     | You fall into a shaft and drop 1 floor!
 11129 | D:13     | Found Cithizxa's Antique Armour Boutique.
 11291 | D:13     | Killed an unseen horror
 11291 | D:13     | Reached XP level 12. HP: 20/91 MP: 11/11
 11883 | D:14     | Reached skill level 16 in Maces & Flails
 12115 | D:14     | Noticed Frances
 12128 | D:15     | Entered Level 15 of the Dungeon
 12394 | D:15     | Received a gift from Trog
 12578 | D:15     | Noticed a centaur warrior
 12589 | D:15     | Killed a centaur warrior
 12775 | D:15     | Noticed a two-headed ogre
 12776 | D:15     | Noticed an ogre mage
 12776 | D:15     | Noticed a two-headed ogre
 12777 | D:15     | Noticed a two-headed ogre
 12784 | D:15     | Killed a two-headed ogre
 12795 | D:15     | Killed an ogre mage
 12807 | D:15     | Killed a two-headed ogre
 12811 | D:15     | Reached skill level 15 in Armour
 12813 | D:15     | Killed a two-headed ogre
 13024 | D:15     | Noticed a centaur warrior
 13024 | D:15     | Noticed a centaur warrior
 13037 | D:15     | Killed a centaur warrior
 13053 | D:15     | Killed a centaur warrior
 13365 | D:15     | Noticed a tengu warrior
 13384 | D:15     | Killed a tengu warrior
 13428 | D:15     | Reached skill level 5 in Fighting
 13480 | D:15     | Noticed Azrael
 13549 | D:15     | HP: 4/94 [Azrael/fireball (8)]
 13804 | D:14     | Noticed a death knight
 13824 | D:14     | Killed a death knight
 13843 | D:14     | Reached XP level 13. HP: 17/102 MP: 12/12
 14275 | D:14     | Killed Frances
 14724 | D:14     | Identified Roxanne's Compendium of Clay
 14724 | D:14     | Noticed Roxanne
 14785 | D:13     | Found Laesiguo's Food Shop.
 14799 | D:13     | Received a gift from Trog
 14805 | D:13     | Found Jikeych's General Store.
 15527 | D:13     | Found Hejales's Antique Armour Shop.
 15536 | D:13     | Bought a shiny buckler for 225 gold pieces
 15582 | D:13     | Found Heoxuch's Armour Boutique.
 15625 | D:13     | Got a crystal morningstar
 15626 | D:13     | Identified the +8 morningstar of Disarray {vorpal, *Rage
                  | rPois rN+ SInv} (You found it on level 13 of the Dungeon)
 15831 | D:13     | Found a gate to the Vaults.
 16269 | D:13     | Bought a potion of cancellation for 112 gold pieces
 16399 | D:13     | Bought a ration for 50 gold pieces
 16465 | D:13     | Found a shimmering blue altar of Sif Muna.
 16650 | D:13     | Reached skill level 10 in Fighting
 17161 | D:12     | Noticed a storm dragon
 17454 | D:12     | Killed a storm dragon
 17719 | D:12     | Found a sparkling altar of Nemelex Xobeh.
 17722 | D:12     | Found a sacrificial altar of Ru.
 18123 | Lair:1   | Entered Level 1 of the Lair of Beasts
 18147 | Lair:1   | Received a gift from Trog
 18313 | Lair:1   | Reached XP level 14. HP: 52/124 MP: 13/13
 18742 | Lair:1   | Received a gift from Trog
 18918 | Lair:1   | You fall into a shaft and drop 1 floor!
 18942 | Lair:2   | Found a transporter.
 18965 | Lair:2   | Reached skill level 17 in Maces & Flails
 19004 | Lair:2   | Found a transporter.
 19017 | Lair:2   | Noticed Hastur's ghost (journeyman DrIE)
 19481 | Lair:2   | Killed Hastur's ghost
 19816 | Lair:2   | Found a hole to the Spider Nest.
 19989 | Lair:2   | Found a staircase to the Shoals.
 21157 | Lair:3   | Received a gift from Trog
 21226 | Lair:3   | Got an ancient ring mail
 21237 | Lair:3   | Identified the +3 ring mail of Limited Liability {rN+ MP-9
                  | Int+6 SInv} (You found it on level 3 of the Lair of Beasts)
 21382 | Lair:3   | Noticed Urug
 21389 | Lair:3   | Killed Urug
 22102 | Lair:4   | Reached skill level 18 in Maces & Flails
 22416 | Lair:5   | Found a runed translucent gate.
 22416 | Lair:5   | Found a runed translucent gate.
 22416 | Lair:5   | Found a runed translucent gate.
 22443 | Lair:5   | Noticed Docy's ghost (journeyman MiBe)
 22683 | Lair:5   | Received a gift from Trog
 22731 | Lair:5   | Found a gate leading to a gauntlet.
 22783 | Lair:5   | Got a warped shortbow
 22788 | Gauntlet | Entered a Gauntlet
 22788 | Gauntlet | Found a transporter.
 22797 | Gauntlet | Found a transporter.
 22797 | Gauntlet | Found a transporter.
 22798 | Gauntlet | Found a transporter.
 22839 | Gauntlet | Found a transporter.
 22839 | Gauntlet | Found a transporter.
 22839 | Gauntlet | Found a transporter.
 22919 | Gauntlet | Found a transporter.
 22920 | Gauntlet | Found a transporter.
 22922 | Gauntlet | Found a transporter.
 23248 | Gauntlet | Found a transporter.
 23248 | Gauntlet | Found a transporter.
 23248 | Gauntlet | Found a transporter.
 24276 | Lair:5   | Reached XP level 15. HP: 130/130 MP: 14/14
 24301 | Lair:5   | Killed Docy's ghost
 24564 | Lair:6   | Entered Level 6 of the Lair of Beasts
 24735 | Lair:6   | Received a gift from Trog
 24736 | Lair:6   | Found the +13 scythe of Curses {drain, *Curse}
 24777 | Lair:6   | Found a staircase to the Slime Pits.
 25345 | Lair:6   | Reached skill level 19 in Maces & Flails
 25939 | Lair:6   | Got an ancient marble ring
 25941 | Lair:6   | Identified the ring "Imil" {rElec rF+ rC+ Int-4 Slay+3}
                  | (You found it on level 6 of the Lair of Beasts)
 26028 | Lair:6   | Got a pair of encrusted gloves
 26039 | Lair:6   | Identified the +0 pair of gloves of the Bulwark {MR+} (You
                  | found it on level 6 of the Lair of Beasts)
 26629 | Lair:6   | Received a gift from Trog
 26955 | Slime:1  | Entered Level 1 of the Pits of Slime
 27539 | Slime:1  | Noticed an acid blob
 28000 | Slime:1  | Killed an acid blob
 28407 | Spider:1 | Entered Level 1 of the Spider Nest
 28818 | Spider:1 | Got a pair of faintly humming boots
 28834 | Lair:2   | Identified the +2 pair of boots of Pesme {Str+2} (You found
                  | it on level 1 of the Spider Nest)
 28938 | Spider:1 | Reached skill level 15 in Fighting
 29240 | Spider:1 | Got a scorched flail
 29241 | Spider:1 | Identified the +6 flail "Naochuot" {freeze, Int+5 Dex+3}
                  | (You found it on level 1 of the Spider Nest)
 29653 | Spider:2 | Received a gift from Trog
 29936 | Spider:2 | Reached XP level 16. HP: 147/150 MP: 15/15
 31245 | Spider:3 | Identified 2 scrolls of acquirement
 31386 | Spider:3 | Received a gift from Trog
 32131 | Spider:4 | Entered Level 4 of the Spider Nest
 32156 | Spider:4 | Noticed Agnes
 32163 | Spider:4 | Killed Agnes
 33469 | Spider:4 | Received a gift from Trog
 34371 | Spider:4 | Got a gossamer rune of Zot
 34990 | Shoals:1 | Entered Level 1 of the Shoals
 35013 | Shoals:1 | Found a transporter.
 35350 | Lair:2   | Upgraded the game from 0.25-a0-774-g40ae2d4f90 to
                  | 0.25-a0-781-gc44aebf4fe
 35842 | D:13     | Bought a shiny plate armour for 728 gold pieces
 35937 | D:13     | Bought a runed scarf for 240 gold pieces
 35996 | D:15     | Killed Azrael
 36167 | D:15     | Noticed Rupert
 36181 | D:15     | Killed Rupert
 36181 | D:15     | Reached XP level 17. HP: 170/170 MP: 16/16
 36619 | D:15     | Received a gift from Trog
 36753 | D:15     | Found a white marble altar of Elyvilon.
 36829 | D:15     | Found a staircase to the Depths.
 37339 | Orc:1    | Entered Level 1 of the Orcish Mines
 37340 | Orc:1    | Found Rapnujab's Weapon Shoppe.
 37461 | Orc:2    | Entered Level 2 of the Orcish Mines
 37960 | Orc:2    | Found Kecygyk's Antique Armour Shop.
 38284 | Orc:2    | Found Netiri Urado's General Store.
 38299 | Orc:2    | Bought 2 scrolls of identify for 56 gold pieces
 38299 | Orc:2    | Bought a scroll of silence for 105 gold pieces
 38330 | Orc:2    | Found Buavved's Book Shop.
 38481 | Orc:2    | Found Waill's Antique Weapon Shoppe.
 38513 | Orc:2    | Received a gift from Trog
 38561 | Orc:2    | Found a roughly hewn altar of Beogh.
 38564 | Orc:2    | Found a staircase to the Elven Halls.
 38575 | Orc:2    | Found Hyf Rax's General Store.
 38588 | Orc:2    | Bought a scroll of identify for 30 gold pieces
 38588 | Orc:2    | Bought a +2 chain mail of cold resistance for 322 gold
                  | pieces
 38703 | Orc:2    | Bought a pair of steaming gloves for 247 gold pieces
 38713 | Orc:2    | Identified the cursed +0 pair of gloves of Fun and Games
                  | {rC+ Int+6} (You bought it in a shop on level 2 of the
                  | Orcish Mines)
 39271 | Shoals:1 | Reached skill level 20 in Maces & Flails
 39674 | Shoals:1 | Found a transporter.
 39953 | Shoals:1 | Gained mutation: You do not regenerate when monsters are
                  | visible. [mutagenic glow]
 39989 | Shoals:1 | Gained mutation: You are weak. (Str -2) [mutagenic glow]
 40037 | Shoals:1 | Gained mutation: You are clumsy. (Dex -2) [mutagenic glow]
 40166 | Shoals:1 | Gained mutation: You are occasionally teleported next to
                  | monsters. [mutagenic glow]
 40200 | Shoals:1 | Got a scorched granite ring
 40202 | Shoals:1 | Identified the ring "Hoebism" {Ice MR++ Dex+4 Slay-3} (You
                  | found it on level 1 of the Shoals)
 40210 | Shoals:1 | Reached skill level 1 in Evocations
 40210 | Shoals:1 | Reached XP level 18. HP: 178/178 MP: 16/18
 40216 | Shoals:1 | Got a transparent bronze ring
 40218 | Shoals:1 | Identified the ring of Wucuiluv {MR++ Dex+4 SInv Stlth+}
                  | (You found it on level 1 of the Shoals)
 40426 | Shoals:2 | Found a runed translucent door.
 40453 | Shoals:2 | Received a gift from Trog
 40632 | Shoals:2 | Found Iboityid's Antique Armour Shop.
 41431 | Shoals:2 | Identified the amulet "Itipyr" {Harm *Corrode *Drain rF+
                  | rC+ Int+4} (You acquired it on level 2 of the Shoals)
 41945 | Shoals:3 | Reached skill level 10 in Shields
 42128 | Shoals:3 | Found a runed translucent gate.
 42128 | Shoals:3 | Found a runed translucent gate.
 42128 | Shoals:3 | Found a runed translucent gate.
 42129 | Shoals:3 | Found an opulent altar of Gozag.
 42134 | Shoals:3 | Noticed fritzmikael's ghost (journeyman SpVM)
 42156 | Shoals:3 | Reached skill level 21 in Maces & Flails
 42163 | Shoals:3 | Received a gift from Trog
 43591 | Shoals:4 | Entered Level 4 of the Shoals
 43669 | Shoals:4 | Got a translucent scale mail
 43680 | Shoals:4 | Identified the +3 scale mail of the Moneychanger {Int+7
                  | Stlth+} (You found it on level 4 of the Shoals)
 43735 | Shoals:4 | Reached XP level 19. HP: 134/185 MP: 19/19
 44437 | Shoals:4 | Received a gift from Trog
 44441 | Shoals:4 | Got a barnacled rune of Zot
 44908 | Shoals:4 | Identified Qioletu's Reference Book on Blistering
                  | Conjuration
 45370 | Shoals:4 | Found the +7 Spriggan's Knife {stab, EV+4 Stlth+}
 45650 | Shoals:4 | Identified the Disquisition on Ashen Transmutation
 46309 | Orc:2    | Bought the +9 scales of the Dragon King {rPois rF+ rC+ MR+}
                  | for 3244 gold pieces
 46309 | Orc:2    | Found the +9 scales of the Dragon King {rPois rF+ rC+ MR+}
 46813 | D:13     | Bought a potion of curing for 42 gold pieces
 46813 | D:13     | Bought a ration for 70 gold pieces
 46868 | Vaults:1 | Entered Level 1 of the Vaults
 47228 | Vaults:1 | Noticed a Tzitzimitl
 47236 | Vaults:1 | Received a gift from Trog
 48454 | Vaults:1 | Reached skill level 22 in Maces & Flails
 48702 | Vaults:1 | Got a brightly glowing amber ring
 49129 | Vaults:1 | Got a smoking ring mail
 49140 | Vaults:1 | Identified the +1 ring mail of the Candlemaker {MR+} (You
                  | found it on level 1 of the Vaults)
 49151 | Vaults:1 | Identified the cursed ring "Gaud Eqi" {rF++ rN+ MR++ EV-2}
                  | (You found it on level 1 of the Vaults)
 49236 | Vaults:1 | Received a gift from Trog
 50220 | Vaults:2 | Reached XP level 20. HP: 193/193 MP: 20/20
 50956 | Vaults:3 | Received a gift from Trog
 51506 | Vaults:3 | Noticed a bone dragon
 51508 | Vaults:3 | Found a staircase to the Crypt.
 51704 | Vaults:3 | Killed a bone dragon
 51704 | Vaults:3 | Reached skill level 23 in Maces & Flails
 51901 | Crypt:1  | Entered Level 1 of the Crypt
 52015 | Crypt:1  | Received a gift from Trog
 52385 | Crypt:1  | HP: 8/193 [vampire knight/+1 halberd (14)]
 52601 | Crypt:1  | Reached skill level 15 in Shields
 52790 | Crypt:1  | Received a gift from Trog
 54094 | Crypt:1  | Noticed a greater mummy
 54109 | Crypt:1  | Killed a greater mummy
 54251 | Crypt:1  | Got a smoking plate armour
 54262 | Crypt:1  | Identified the cursed +0 plate armour of Compassion {+Inv
                  | rElec rC++} (You found it on level 1 of the Crypt)
 54263 | Crypt:1  | Lost mutation: You are weak. (Str -2) [potion of mutation]
 54263 | Crypt:1  | Lost mutation: You are occasionally teleported next to
                  | monsters. [potion of mutation]
 54263 | Crypt:1  | Gained mutation: You tend to lose your temper in combat.
                  | [potion of mutation]
 54263 | Crypt:1  | Gained mutation: Your flesh is cold resistant. (rC+)
                  | [potion of mutation]
 54654 | Crypt:2  | Received a gift from Trog
 55010 | Crypt:2  | Reached skill level 24 in Maces & Flails
 55445 | Crypt:3  | Entered Level 3 of the Crypt
 55506 | Crypt:3  | Reached XP level 21. HP: 201/201 MP: 21/21
 56455 | Crypt:3  | Received a gift from Trog
 57039 | Crypt:3  | Got a scorched ring mail
 57050 | Crypt:3  | Identified the +1 ring mail of the Orb {rElec rC+ MR- SInv}
                  | (You found it on level 3 of the Crypt)
 57297 | Crypt:3  | Found a staircase to the Tomb.
 57314 | Tomb:1   | Entered Level 1 of the Tomb of the Ancients
 57391 | Tomb:1   | Received a gift from Trog
 57597 | Tomb:1   | Reached skill level 25 in Maces & Flails
 57967 | Tomb:1   | Noticed a greater mummy
 57981 | Tomb:1   | Killed a greater mummy
 57983 | Tomb:1   | HP: 8/295 [spectral harpy[a mummy priest] (9)]
 57990 | Tomb:1   | HP: 7/295 [poison (dark miasma)]
 58001 | Tomb:1   | HP: 1/201 [phantasmal warrior[a mummy priest] (21)]
 58004 | Tomb:1   | Mangled by a mummy priest

Levels and vault maps discovered:
D:1:      dpeg_arrival_tiny_a, layout_loops_corners, serial_bayou_pond_e,
          minmay_bisected
D:2:      layout_basic, lemuel_doored_altar, uniq_robin, uniq_jessica
D:3:      layout_rooms, cheibrodos_sewer_entry_bend, uniq_grinder
D:4:      layout_cave_pools, first_ration, uniq_natasha
D:5:      minmay_angry_zag, layout_loops_corners, serial_shops,
          nicolae_shop_waterfront
D:6:      layout_loops_cross, serial_shops, shop, basic_altar
D:7:      layout_loops_ring, nicolae_ru_great_annihilating_truth,
          temple_fountains
D:8:      layout_rooms, uniq_psyche, uniq_maurice
D:9:      layout_gridville, lair_entry_dummy, serial_shops,
          nicolae_shop_statue_plus, blue_anna_alchemist [blue_anna_fruit_fields,
          blue_anna_fruit_fields], uniq_pikel
D:10:     layout_basic, erik_orc_3, basic_altar, uniq_nergalle
D:11:     layout_rooms, serial_shops, nicolae_shop_competitors_out_of_business,
          shop, nicolae_shop_statue_plus, uniq_harold
D:12:     minmay_twisted_water, layout_loops_corners,
          minmay_misc_feat_diagonals, jmf_multi_god_temple2
D:13:     layout_roguey, david_vaults_4, serial_shops, shop, shop,
          nicolae_shop_statue_plus, nicolae_shop_temple_entry_statues_fountains,
          shop, st_stairs_7, lemuel_blue_sif_altar
D:14:     layout_big_octagon, uniq_roxanne, uniq_frances
D:15:     hangedman_depths_entry_try_elsewhere_first, layout_basic,
          elyvilon_altar_5, uniq_rupert, uniq_azrael
Lair:1:   layout_gridlike, portal_ice_cave_entry_pillars_2,
          grunt_forest_large_clearings, grunt_megastairs_5
Lair:2:   layout_cave_pods, elwin_shoals_entry_stream,
          nicolae_spider_entry_non_spiders, gammafunk_ghost_berserking_beasts
Lair:3:   layout_cave_shapes, infiniplex_staircase_pool_2, grunt_megastairs_2,
          serial_bayou_shore_a, uniq_urug
Lair:4:   layout_big_grid, infiniplex_staircase_pool
Lair:5:   layout_cave_pods, gammafunk_ghost_necromancy, gauntlet_entry_generic
Lair:6:   evilmike_catoblepas_cave, layout_cave_shapes,
          minmay_slime_entry_oklob_open
Shoals:1: gammafunk_its_a_trap, layout_shoals
Shoals:2: layout_shoals, serial_shops, nicolae_shop_stone, lightli_airlock
Shoals:3: layout_shoals, ebering_ghost_gozag
Shoals:4: shoals_end_simple, layout_shoals, nicolae_shoals_circle_sea_wall
Spider:1: layout_spider_delve, drop_trap
Spider:2: layout_spider_delve
Spider:3: layout_spider_delve, drop_trap
Spider:4: grunt_spider_rune_circles, uniq_agnes
Slime:1:  layout_caves
Orc:1:    layout_caves, serial_shops, shop_fountains
Orc:2:    grunt_orc_gardens, layout_diamond_mine, grunt_orc_garden,
          grunt_orc_garden, grunt_orc_garden, grunt_orc_garden, basic_altar,
          serial_shops, shop
Vaults:1: nicolae_vaults_branching_niches, nicolae_vaults_little_ls,
          nicolae_vaults_stairing_the_circle, nicolae_vaults_circle_grid_a,
          grunt_vaults_swirl, nicolae_vaults_ring_of_whatevers,
          vaults_mumra_hexcomb, vaults_room_pools,
          nicolae_vaults_mini_display_case, v_alt_pattern_1,
          hangedman_vaults_maws, nicolae_vaults_yaktaur_gun_rack,
          layout_vaults_ring
Vaults:2: nicolae_vaults_puzzle_piece, hangedman_vaults_corner,
          ontoclasm_vaults_ring_square, nicolae_vaults_little_squares_4,
          grunt_vaults_bifocal, nicolae_vaults_what_the_h, st_cells,
          nicolae_vaults_three_branches, nicolae_vaults_asterisk,
          layout_vaults_big_room
Vaults:3: vaults_dpeg_cross, v_misc_19, minmay_crypt_entry_nasty_monster,
          v_misc_17, vaults_mumra_minichess, ontoclasm_vaults_loading_screen,
          layout_vaults_omnigrid
Crypt:1:  lemuel_minitomb, layout_basic, feat_on_display,
          grunt_crypt_arrival_guarded_gate
Crypt:2:  layout_regular_city
Crypt:3:  quadcrypt_mu
Tomb:1

Skill      XL: |  1  2  3  4  5  6  7  8  9 10 11 12 13 14 15 16 17 18 19 20 21 |
---------------+----------------------------------------------------------------+-----
Fighting       | 4 6 11 15 19 20 | 20.0
Maces & Flails | 4 5 7 9 11 12 13 15 16 18 19 20 21 22 24 25 | 25.0
Armour         | 3 4 5 7 8 10 11 13 16 17 19 20 21 | 21.8
Throwing       | 1 2 4 5 6 |  6.0
Shields        | 1 3 5 8 10 13 16 17 | 17.4
Evocations     | 1 2 |  2.4
Dodging        | |  2.4

Action                   |  1- 3 |  4- 6 |  7- 9 | 10-12 | 13-15 | 16-18 | 19-21 || total
-------------------------+-------+-------+-------+-------+-------+-------+-------++-------
Melee: Mace              |    76 |   156 |   282 |   829 |   187 |       |       ||  1530
       Headbutt          |     8 |    26 |    71 |   231 |   268 |   222 |   455 ||  1281
       Flail             |       |       |   119 |       |       |       |       ||   119
       Dire flail        |       |       |       |       |   169 |       |       ||   169
       Morningstar       |       |       |       |       |   851 |   985 |  1550 ||  3386
Throw: Stone             |     4 |    13 |     8 |       |       |       |       ||    25
       Boomerang         |       |       |    35 |   118 |   113 |   264 |   118 ||   648
       Javelin           |       |       |       |       |    48 |       |    58 ||   106
       Dart              |       |       |       |       |     5 |       |       ||     5
Invok: Berserk           |     2 |     2 |     2 |    11 |    16 |    17 |    15 ||    65
       Trog's Hand       |       |       |       |       |       |       |     4 ||     4
Evoke: Wand              |       |       |       |       |       |     1 |    14 ||    15
       Tin of tremorston |       |       |       |       |       |       |     1 ||     1
  Use: Scroll            |       |       |     9 |     6 |    15 |    12 |    11 ||    53
       Potion            |       |       |       |       |     2 |     3 |    15 ||    20
  Eat: Chunk             |     1 |     4 |    10 |    18 |    36 |    24 |    25 ||   118
       Ration            |       |     2 |     1 |     4 |     9 |    11 |    11 ||    38
Armor: Animal skin       |     3 |       |       |       |       |       |       ||     3
       Scale mail        |    25 |    68 |       |       |       |       |       ||    93
       Chain mail        |       |    38 |    11 |       |       |       |       ||    49
       Plate armour      |       |       |   227 |   721 |   792 |   643 |   125 ||  2508
       Gold dragon scale |       |       |       |       |       |       |   550 ||   550
       Skin              |       |       |       |       |       |       |     2 ||     2
Dodge: Dodged            |    52 |    90 |   135 |   203 |   414 |   306 |   225 ||  1425
Block: Buckler           |       |       |    50 |   158 |   342 |   212 |       ||   762
       Kite shield       |       |       |       |       |       |   467 |  1230 ||  1697
       Reflection        |       |       |       |       |       |    55 |    73 ||   128
       Other             |       |       |       |       |       |       |    11 ||    11

Table legend:
 A = Non-vault XP
 B = Vault XP
 C = Vault XP percentage of total XP
 D = Non-vault monster count
 E = Vault monster count
 F = Vault count percentage of total count
                 A         B        C        D         E       F
            +---------+---------+-------+---------+---------+-------
      Total |  330082 |  245513 |  42.7 |    1097 |     479 |  30.4
            +---------+---------+-------+---------+---------+-------
        D:1 |      40 |       8 |  16.7 |      22 |       5 |  18.5
        D:2 |      84 |      71 |  45.8 |      31 |      12 |  27.9
        D:3 |     138 |     276 |  66.7 |      28 |       3 |   9.7
        D:4 |     408 |      36 |   8.1 |      14 |       1 |   6.7
        D:5 |     707 |      68 |   8.8 |      23 |       5 |  17.9
        D:6 |     585 |       0 |   0.0 |      14 |       0 |   0.0
        D:7 |    1020 |      56 |   5.2 |      23 |       4 |  14.8
        D:8 |    1031 |     882 |  46.1 |      25 |       2 |   7.4
        D:9 |    1751 |     751 |  30.0 |      21 |       2 |   8.7
       D:10 |    3201 |    1269 |  28.4 |      25 |      17 |  40.5
       D:11 |    2810 |    1013 |  26.5 |      29 |       1 |   3.3
       D:12 |    3337 |    6445 |  65.9 |      28 |      15 |  34.9
       D:13 |   10861 |    1749 |  13.9 |      40 |       4 |   9.1
       D:14 |    7187 |    2424 |  25.2 |      26 |       1 |   3.7
       D:15 |   16411 |    8454 |  34.0 |      40 |      12 |  23.1
     Lair:1 |    8162 |    4356 |  34.8 |      38 |      35 |  47.9
     Lair:2 |    4650 |    5441 |  53.9 |      18 |      18 |  50.0
     Lair:3 |    5417 |    1509 |  21.8 |      30 |       6 |  16.7
     Lair:4 |    2887 |       0 |   0.0 |      11 |       0 |   0.0
     Lair:5 |    6237 |    3292 |  34.5 |      24 |       6 |  20.0
     Lair:6 |   17520 |   12577 |  41.8 |      57 |      25 |  30.5
   Shoals:1 |   11051 |    3611 |  24.6 |      26 |       7 |  21.2
   Shoals:2 |   16380 |    4374 |  21.1 |      36 |      10 |  21.7
   Shoals:3 |   14692 |       0 |   0.0 |      29 |       0 |   0.0
   Shoals:4 |    8879 |   22424 |  71.6 |      19 |      35 |  64.8
   Spider:1 |    6476 |       0 |   0.0 |      19 |       0 |   0.0
   Spider:2 |   10204 |       0 |   0.0 |      33 |       0 |   0.0
   Spider:3 |   13550 |       0 |   0.0 |      43 |       0 |   0.0
   Spider:4 |    9634 |   28362 |  74.6 |      24 |      44 |  64.7
    Slime:1 |    5899 |       0 |   0.0 |      12 |       0 |   0.0
      Orc:1 |    4097 |    2017 |  33.0 |      33 |       6 |  15.4
      Orc:2 |    1828 |    8639 |  82.5 |      27 |      21 |  43.8
   Vaults:1 |   24858 |   18190 |  42.3 |      39 |      32 |  45.1
   Vaults:2 |   22376 |    9470 |  29.7 |      40 |      16 |  28.6
   Vaults:3 |   12549 |   10400 |  45.3 |      29 |       9 |  23.7
    Crypt:1 |   44684 |   12706 |  22.1 |      74 |      20 |  21.3
    Crypt:2 |   22296 |       0 |   0.0 |      34 |       0 |   0.0
    Crypt:3 |       0 |   46309 | 100.0 |       0 |      76 | 100.0
     Tomb:1 |    6185 |   22721 |  78.6 |      13 |      15 |  53.6
   Gauntlet |       0 |    5613 | 100.0 |       0 |      14 | 100.0
            +---------+---------+-------+---------+---------+-------
